 Dungeon Crawl Stone Soup version 0.25.0-41-g26779e291d (webtiles) character file.

Game seed: 786985848138094175

975 Ethylacetat the Insei (level 8, -1/54 HPs)
             Began as an Octopode Transmuter on July 10, 2020.
             Was an Initiate of Vehumet.
             Slain by a centaur (3 damage)
             ... on level 4 of the Dungeon.
             The game lasted 00:08:43 (3846 turns).

Ethylacetat the Insei (Octopode Transmuter)         Turns: 3846, Time: 00:08:44

Health: -1/54      AC:  1    Str: 12    XL:     8   Next: 16%
Magic:  13/13      EV: 13    Int: 15    God:    Vehumet [......]
Gold:   149        SH:  0    Dex: 12    Spells: 13/14 levels left

rFire    . . .     SeeInvis .   i - +2 dagger (drain)
rCold    . . .     Gourm    .   (no shield)
rNeg     . . .     Faith    .   (helmet restricted)
rPois    .         Spirit   .   s - amulet of regeneration
rElec    .         Reflect  .   (no ring)
rCorr    .         Harm     .   (no ring)
MR       .....                  (no ring)
Stlth    ++........             (no ring)
HPRegen  0.58/turn              (no ring)
MPRegen  0.13/turn              (no ring)
                                (no ring)
                                (no ring)

@: appendage
A: almost no armour, stealthy swim, amphibious, 8 rings, constrict 8, tentacle
spike 3, camouflage 1, gelatinous body 1
a: End Transformation, Renounce Religion


You were on level 4 of the Dungeon.
You worshipped Vehumet.
Vehumet was noncommittal.
You were hungry.
One of your tentacles had a temporary spike.
You visited 1 branch of the dungeon, and saw 4 of its levels.

You collected 149 gold pieces.

Inventory:

Hand Weapons
 i - a +2 dagger of draining (weapon)
Missiles
 a - 56 arrows
Jewellery
 d - an uncursed amulet of guardian spirit
 s - an amulet of regeneration (around mantle)
Scrolls
 b - 3 scrolls of amnesia {unknown}
 f - a scroll of teleportation {unknown}
 h - 3 scrolls of identify {unknown}
 m - a scroll of fear {unknown}
 o - 3 scrolls of fog {unknown}
 q - a scroll of magic mapping {unknown}
 r - a scroll of enchant weapon {unknown}
Potions
 e - a potion of haste {unknown}
 g - 2 potions of stabbing {unknown}
 j - 3 potions of brilliance {unknown}
 k - a potion of degeneration {unknown}
 l - a potion of heal wounds {unknown}
 n - 2 potions of magic {unknown}
 p - a potion of might {unknown}
 t - a potion of mutation {unknown}
 u - a potion of invisibility {unknown}
Comestibles
 c - 7 rations


   Skills:
 * Level 4.9 Fighting
 + Level 2.9 Short Blades
 - Level 2.0 Dodging
 * Level 5.8 Unarmed Combat
 + Level 3.6 Spellcasting
 + Level 3.9 Transmutations


You had 13 spell levels left.
You knew the following spells:

 Your Spells              Type           Power        Failure   Level  Hunger
a - Beastly Appendage     Tmut           ##....       3%          1    None

Your spell library contained the following spells:

 Spells                   Type           Power        Failure   Level  Hunger
 Sticks to Snakes         Tmut           ##......     6%          2    ##.....
 Magic Dart               Conj           #...         19%         1    None
 Spider Form              Tmut/Pois      #.........   26%         3    ###....
 Blink                    Tloc           N/A          28%         2    ##.....
 Call Imp                 Summ           #.......     28%         2    ##.....
 Slow                     Hex            #.......     28%         2    ##.....
 Conjure Flame            Conj/Fire      #.......     50%         3    ###....
 Mephitic Cloud           Conj/Pois/Air  #.......     50%         3    ###....
 Ice Form                 Ice/Tmut       #.......     63%         4    ####...
 Blade Hands              Tmut           ##........   71%         5    ######.


Dungeon Overview and Level Annotations

Branches:
Dungeon (4/15)
 Temple: D:4-7

Altars:
Gozag
Hepliaklqana
Vehumet
Xom


Innate Abilities, Weirdness & Mutations

You cannot wear most types of armour.
You are very stealthy in the water. (Stealth+)
You are amphibious.
You can wear up to eight rings at the same time.
You can use your tentacles to constrict eight enemies at once.
Your skin changes colour to match your surroundings (Stealth+).
Your rubbery body absorbs attacks. (AC +1, EV +1)
One of your tentacles bears a large vicious spike.


Message History

You don't know that spell.
Unknown command.
You hit the centaur.
You pierce the centaur, but do no damage.
You squeeze the centaur!
The centaur is severely wounded.
The centaur closely misses you.
You hit the centaur. You drain the centaur.
Your tentacle spike misses the centaur.
The centaur is almost dead.
The centaur closely misses you.
You closely miss the centaur.
You pierce the centaur, but do no damage.
The centaur is almost dead.
The centaur hits you.
* * * LOW HITPOINT WARNING * * *
You closely miss the centaur.
The centaur is almost dead.
The centaur hits you.
You die...

#......# #..)...#......$
#......#.......#
##########......#(......#
#....##..'......#..?....#
#....##.##......#.......#
.....##.#####.###.......#
.....##....##.###.......#
......#...(....(@c!.....#
......#....##.###.......##
......#.......# ###......#
#####.#.......#
#.........#
.)..).#.......#
#..........
.######.......#
#..........
..............#
#?.Z.......
.#######......#
#.......... .# #......#
#..........


You could see a centaur (drained).

Vanquished Creatures
  Eustachio (D:4)
  Menkaure (D:4)
  Duvessa (D:4)
  An orc warrior (D:3)
  A phantom (D:4)
  An ogre (D:4)
  Dowan (D:4)
  A scorpion (D:4)
  An orc priest (D:3)
  2 worker ants (D:4)
  Robin (D:2)
  A howler monkey skeleton (D:4)
  6 adders
  An adder skeleton (D:4)
  2 worms
  3 dart slugs
  7 orcs
  9 bats
  3 giant cockroaches (D:3)
  14 goblins
  5 hobgoblins
  3 jackals (D:3)
  6 kobolds
  3 quokkas
  A ball python (D:3)
  4 frilled lizards
  6 rats
86 creatures vanquished.

Notes
Turn   | Place    | Note
-------+----------+-------------------------------------------
     0 | D:1      | Ethylacetat the Octopode Transmuter began the quest for the
                  | Orb.
     0 | D:1      | Reached XP level 1. HP: 13/13 MP: 3/3
   304 | D:1      | Reached XP level 2. HP: 18/18 MP: 5/5
  1002 | D:2      | Reached XP level 3. HP: 24/24 MP: 6/6
  1009 | D:2      | Found an opulent altar of Gozag.
  1066 | D:2      | Noticed Robin
  1346 | D:2      | Killed Robin
  1704 | D:3      | Reached XP level 4. HP: 30/30 MP: 5/7
  1769 | D:3      | Noticed an orc warrior
  2263 | D:3      | Reached skill level 1 in Short Blades
  2263 | D:3      | Reached skill level 4 in Unarmed Combat
  2263 | D:3      | Reached XP level 5. HP: 36/36 MP: 6/8
  2381 | D:3      | Found a hazy altar of Hepliaklqana.
  2382 | D:3      | Found a shimmering altar of Xom.
  2384 | D:3      | Noticed a spectral ugly thing
  2554 | D:3      | Found a radiant altar of Vehumet.
  2564 | D:3      | Became a worshipper of Vehumet
  2628 | D:4      | Noticed Eustachio
  2642 | D:4      | Killed Eustachio
  2642 | D:4      | Reached XP level 6. HP: 36/42 MP: 6/10
  2733 | D:3      | Killed an orc warrior
  2944 | D:4      | Noticed Menkaure
  2956 | D:4      | Killed Menkaure
  2956 | D:4      | Reached skill level 5 in Unarmed Combat
  2956 | D:4      | Reached XP level 7. HP: 25/48 MP: 6/11
  3122 | D:4      | Noticed Duvessa
  3122 | D:4      | Noticed Dowan
  3146 | D:4      | Killed Duvessa
  3150 | D:4      | Killed Dowan
  3777 | D:4      | Reached XP level 8. HP: 41/54 MP: 13/13
  3845 | D:4      | HP: 1/54 [centaur (4)]
  3846 | D:4      | Slain by a centaur

Illustrated notes

Levels and vault maps discovered:
D:1:      mrwooster_arrival_statue, layout_basic, chequers_avenue,
          minmay_pentomino_x4
D:2:      layout_rooms, lemuel_doored_altar, first_ration, uniq_robin
D:3:      layout_loops_ring, regret_index_temple_of_mockery,
          lemuel_coloured_pillars_altar, minmay_ruptured
D:4:      layout_basic, marbit_many_paths, uniq_eustachio, uniq_duvessa,
          uniq_menkaure

Skill      XL: |  1  2  3  4  5  6 |
---------------+-------------------+-----
Fighting       | 2 3 4 |  4.9
Short Blades   | 1 2 |  2.9
Unarmed Combat | 4 5 |  5.8
Transmutations | 3 |  3.9
Spellcasting   | 3 |  3.6
Dodging        | |  2.0

Action                   |  1- 3 |  4- 6 |  7- 9 || total
-------------------------+-------+-------+-------++-------
Melee: Unarmed           |    31 |       |       ||    31
       Constrict         |    20 |    20 |    11 ||    51
       Tentacles         |    12 |    16 |    11 ||    39
       Kick              |     5 |     9 |    19 ||    33
       Dagger            |    36 |    90 |    69 ||   195
       Punch             |       |     2 |       ||     2
 Cast: Beastly Appendage |    11 |     7 |     9 ||    27
 Stab: Sleeping          |     5 |     5 |       ||    10
  Eat: Chunk             |     3 |     4 |     2 ||     9
Armor: Skin              |     7 |     8 |     3 ||    18
Dodge: Dodged            |    43 |    42 |    41 ||   126
